Map: [ESL] Moondance

Players

Killermonjas

  • Race: Protoss Protoss
  • Spawn Location: 12:00

Harstem - Winner!

  • Race: Protoss Protoss
  • Spawn Location: 6:00

Event: DreamHack SC2 Masters 2022 Valencia

VOD

Have the link to the VOD?

Description

Time

  • Played on: July 1, 2022, 9:54 a.m.
  • Length: 5:49

All games in this series

Show
View Real Time Build Order
Export as new Build Order

Killermonjas Protoss 

Build Orders:  

Get SALT Encoding   

  12  0:00  Probe  
  13  0:12  Probe  
  14  0:17  Pylon  
  14  0:24  Probe (Chrono Boost)  
  16  0:36  Probe (Chrono Boost), Gateway  
  16  0:41  Probe (Chrono Boost)  
  16  0:45  Assimilator  
  17  0:53  Probe  
  17  0:54  Assimilator  
  18  1:05  Probe (Chrono Boost)  
  18  1:07  Gateway  
  19  1:17  Probe (Chrono Boost)  
  20  1:22  Probe (Chrono Boost)  
  20  1:23  Cybernetics Core  
  21  1:35  Probe  
  22  1:42  Pylon  
  22  1:47  Probe  
  23  2:00  Probe  
  24  2:03  Stalker  
  24  2:04  Stalker  
  24  2:06  Warp Gate  
  28  2:13  Pylon  
  28  2:33  Stalker x2  
  31  2:52  Probe  
  32  3:04  Nexus, Sentry x2  
  36  3:11  Shield Battery  
  34  3:28  Probe  
  35  3:39  Shield Battery  
  35  3:41  Robotics Facility  
  35  3:49  Probe  
  35  3:53  Pylon  
  36  3:57  Shield Battery  
  36  4:02  Probe  
  35  4:14  Probe  
  32  4:20  Gateway  
  32  4:23  Probe  
  31  4:24  Immortal  
  31  4:26  Probe  
  33  4:34  Sentry  
  33  4:35  Probe  
  33  4:38  Probe  
  34  4:50  Probe x2 (Chrono Boost)  
  36  4:58  Observer (Chrono Boost)  
  37  5:02  Probe (Chrono Boost)  
  37  5:04  Probe (Chrono Boost)  
  37  5:06  Probe (Chrono Boost)  
  39  5:11  Probe  
  40  5:16  Probe  
  41  5:24  Probe  
  44  5:28  Probe  
  44  5:32  Shield Battery  
  45  5:36  Probe  
  45  5:39  Stalker  
Show
View Real Time Build Order
Export as new Build Order

Harstem Protoss - Winner!

Build Orders: Oracle Opening 

Get SALT Encoding   

  12  0:00  Probe  
  13  0:12  Probe  
  14  0:18  Pylon  
  14  0:24  Probe (Chrono Boost)  
  15  0:36  Probe (Chrono Boost)  
  15  0:37  Gateway  
  16  0:44  Probe (Chrono Boost)  
  16  0:47  Assimilator  
  17  0:51  Probe  
  17  0:56  Assimilator  
  18  1:03  Probe (Chrono Boost)  
  19  1:11  Gateway  
  19  1:14  Probe (Chrono Boost)  
  20  1:18  Probe (Chrono Boost)  
  21  1:26  Cybernetics Core  
  21  1:29  Probe  
  22  1:41  Probe  
  22  1:43  Pylon  
  24  2:03  Stargate  
  24  2:04  Adept x2  
  24  2:07  Warp Gate  
  27  2:14  Pylon  
  27  2:21  Probe  
  28  2:35  Stalker  
  30  2:45  Oracle (Chrono Boost)  
  34  3:02  Nexus  
  32  3:06  Probe  
  33  3:16  Oracle  
  36  3:20  Probe  
  36  3:24  Pylon  
  37  3:32  Probe  
  37  3:33  Pylon  
  38  3:42  Twilight Council  
  38  3:46  Probe (Chrono Boost)  
  39  3:53  Shield Battery  
  39  3:56  Stalker  
  41  4:08  Probe (Chrono Boost)  
  40  4:16  Probe  
  39  4:17  Stalker  
  39  4:20  Probe  
  42  4:24  Stalker  
  42  4:28  Probe  
  45  4:32  Probe  
  46  4:40  Probe  
  47  4:45  Stalker  
  47  4:46  Probe  
  47  4:52  Stalker, Probe  
  51  4:58  Probe  
  54  5:04  Probe  
  55  5:10  Probe  
  55  5:11  Stalker  
  58  5:14  Pylon  
  58  5:17  Stalker  
  61  5:24  Gateway  
  61  5:25  Gateway  
  61  5:27  Pylon  
  60  5:31  Probe x2  
  62  5:36  Stalker  
  64  5:47  Stalker  

Tags
 
Add a new tag
Caveats
  • Supply blocks, unpowered buildings, or Contaminate may cause inaccurate times.
  • Supply counts are checked every 10 seconds.